[Event "4NCL Div 2 2024-25"]
[Site "England"]
[Date "2025.01.26"]
[Round "4.25"]
[White "Gallagher, Daniel GH"]
[Black "Talsma, Paul"]
[Result "1-0"]
[Annotator "TA"]
[ECO "A16"]
[WhiteElo "2203"]
[BlackElo "2083"]
[PlyCount "69"]
[EventDate "2024.11.23"]
[EventType "team-tourn"]
[EventCountry "ENG"]
[SourceTitle "playchess.com"]
[Source "ChessBase"]
[SourceQuality "1"]
[TimeControl "40/6000+30:3000+30"]

1. Nf3 Nf6 2. c4 g6 3. Nc3 d5 4. cxd5 Nxd5 5. h4 h5 6. Qb3 {[%emt 0:00:16] Against c5. A16: English Opening: 1...Nf6 with ...d5.} Nb6 7. Ng5 e6 8. g3 {[%emt 0:00:19] White is slightly better.} Bg7 9. Bg2 O-O 10. O-O Nc6 11. Qd1 $146 (11. d3 Qe7 12. Nge4 Nd4 13. Qd1 e5 14. Bg5 f6 15. Be3 c6 16. Nd2 Nf5 17. Bxb6 axb6 {0-1 Bulgak,D (2044)-Sahbudak,B (2264) Wch U12 Montesilvano 2024 (6)}) 11... e5 12. a3 Bg4 13. b4 Rb8 14. Re1 (14. Bxc6 $5 bxc6 $8 15. Qc2 $11) 14... Nd4 15. a4 c6 16. b5 Nd5 {[%emt 0:00:40] [#]} 17. Nge4 ({White must play} 17. Ba3 $1 $11) 17... Nxc3 $15 18. Nxc3 c5 19. d3 b6 {[%emt 0:05:42][%csl Od4] Strong Square Black (d4)} (19... e4 $17 {and ...exd3 would now be decisive} 20. Bg5 Qa5 21. Nxe4 Nxe2+ 22. Rxe2 (22. Kh2 Nxg3 23. Qd2 Qxd2 $17) 22... Bxe2 (22... Bxa1 23. Qxa1 Bxe2 24. Nf6+ Kh8 25. Bh6 $18)) 20. Rb1 Qd7 21. Be3 Rbd8 22. Ne4 Rc8 23. Nd2 Bf5 (23... Nf5 $15) 24. Nc4 Be6 (24... Bh3 {with more complications.} 25. a5 Bxg2 26. Kxg2 Rce8) 25. Qd2 Rfd8 26. Rec1 Bg4 (26... Nf5 $11) 27. Bxd4 $14 exd4 28. a5 Qe6 29. Re1 Re8 ({Black should try} 29... Kh7 $14) 30. axb6 $16 ({Much less strong is} 30. Bc6 Rxc6 31. bxc6 b5 32. Rxb5 Qxc6 $16) 30... axb6 31. Bc6 Rb8 {[%emt 0:01:15] A mistake that costs the game.} 32. Bxe8 $18 {[%emt 0:00:24] White has a decisive advantage.} Qxe8 33. Qf4 Be6 34. Qd6 Bf8 35. Qc7 {[%emt 0:00:26] Weighted Error Value: White=0.15 (very precise) /Black=0.25 (precise)   Mistake:       	White=1     	Black=5      Inaccurate:     	White=7     	Black=2      OK:         	White=11    	Black=6      Best:        	---       	Black=1} 1-0

[Event "4NCL Div 2 2024-25"]
[Site "England"]
[Date "2025.01.26"]
[Round "4.26"]
[White "Mason, Donald J"]
[Black "Mihalik, Agoston"]
[Result "1/2-1/2"]
[Annotator "TA"]
[ECO "B40"]
[WhiteElo "2021"]
[BlackElo "2133"]
[PlyCount "113"]
[EventDate "2024.11.23"]
[EventType "team-tourn"]
[EventCountry "ENG"]
[SourceTitle "playchess.com"]
[Source "ChessBase"]
[SourceQuality "1"]
[TimeControl "40/6000+30:3000+30"]

1. e4 c5 2. Nf3 e6 3. c3 d5 4. e5 d4 5. d3 Nc6 6. g3 {[%emt 0:03:34] B40: Sicilian: 2...e6, Unusual lines.} Nge7 7. Bg2 Ng6 8. Qe2 dxc3 9. bxc3 Qc7 10. Na3 $146 (10. O-O Ncxe5 11. Nxe5 Qxe5 12. Be3 Be7 13. h4 O-O 14. d4 cxd4 15. cxd4 Qa5 16. h5 {½-½ Kulaots,K (2534)-Willow,J (2446) Fagernes op 2024 (3)}) 10... Ncxe5 11. Nxe5 Qxe5 12. Nb5 {[%emt 0:04:45] [#]} Qxe2+ 13. Kxe2 Kd8 {[%emt 0:03:27] Inhibits Nc7.} 14. h4 {[%emt 0:04:00][%mdl 1024] White sacrificed a pawn White has compensation.} h5 15. Be4 (15. a4 $14) 15... f5 16. Bg5+ Kd7 17. Bg2 a6 18. Na3 Kc7 19. Nc4 Rb8 20. a4 Bd7 (20... Be7 {simplifies} 21. Bxe7 Nxe7 22. d4 b6) 21. Rhb1 Be7 22. Ne5 Nxe5 23. Bxe7 Bc6 24. Bxc6 Kxc6 25. d4 {[%emt 0:02:07] Prevents b6} Nd7 26. a5 cxd4 27. Ra4 e5 (27... dxc3 $2 28. Rc4+ Kd5 29. Rc7 $18) 28. cxd4 Rhe8 29. Ba3 (29. Bg5 $11) 29... exd4+ 30. Kd1 {[%emt 0:00:11] [#]} (30. Kf1 $1 $11 Re4 31. Rc4+ Kd5 32. Rc7) 30... b5 $1 $17 31. axb6 Rxb6 32. Rxb6+ Nxb6 33. Rxd4 {[%emt 0:00:43][%mdl 4096] Endgame KRB-KRN. Black is a pawn up.} Re6 {[%emt 0:00:30] Against Rd6+} 34. Rd8 g6 35. Rf8 (35. Kc2 $17) 35... Kb5 $19 36. Rf7 a5 37. Rc7 Ka4 38. Bc1 Nd5 39. Rc5 Nb4 40. Rc3 (40. Bd2 $17 {was worth a try.}) 40... Rc6 41. Rxc6 (41. Rf3) 41... Nxc6 {[%emt 0:20:14] KB-KN. Black is a pawn up.} 42. Ke2 Kb3 43. Ke3 Ne5 (43... a4 $142 44. Ke2 Ne5) 44. Kd4 Nc4 (44... Nf3+ $19 45. Ke3 Ne1) 45. Bh6 (45. Bg5 $1 $11) 45... a4 $17 46. Bf8 Nb2 ({Better is} 46... Nb6 $17) 47. Ke5 $11 {[%emt 0:05:34] The position is equal.} Nd3+ 48. Kf6 Nb4 49. Kxg6 a3 $1 50. Kxh5 a2 51. Bg7 Nd3 52. Ba1 Kc2 53. Kg6 Kb1 54. Bf6 Nb2 55. h5 $1 a1=Q {[%emt 0:09:22] White must now prevent ...Qa8.} (55... a1=B $2 {loses.} 56. h6 $18 (56. Kxf5 Nd1 $18)) 56. h6 $1 {[%emt 0:00:06][%cal Oh6h7] h7! is the strong threat.} Qa7 57. h7 {[%emt 0:09:16] Whites escaped into a draw.   Weighted Error Value: White=0.35/Black=0.28 (precise)   Mistake:       	White=6     	Black=1      Inaccurate:     	White=1     	Black=5      OK:         	White=20    	Black=18     Best:        	White=3     	Black=2      Strong:       	White=2     	Black=2} 1/2-1/2

[Event "4NCL Div 2 2024-25"]
[Site "England"]
[Date "2025.01.26"]
[Round "4.27"]
[White "Goh, Jinghan Cameron"]
[Black "Pal, Rohan"]
[Result "1-0"]
[Annotator "TA"]
[ECO "E07"]
[WhiteElo "2017"]
[BlackElo "1970"]
[PlyCount "71"]
[EventDate "2024.11.23"]
[EventType "team-tourn"]
[EventCountry "ENG"]
[SourceTitle "playchess.com"]
[Source "ChessBase"]
[SourceQuality "1"]
[TimeControl "40/6000+30:3000+30"]

1. d4 d5 2. c4 e6 3. Nf3 Nf6 4. g3 Be7 5. Bg2 O-O 6. O-O c6 7. Nc3 Nbd7 8. Qd3 b6 9. e4 Ba6 10. b3 dxe4 {[%emt 0:00:00] E07: Closed Catalan: Main Line (5 Nf3 0-0 6 0-0 Nbd7).} 11. Nxe4 b5 12. Nxf6+ Bxf6 {[%emt 0:00:00] White is slightly better.} 13. Bf4 bxc4 14. bxc4 c5 $146 (14... Nb6 15. Rac1 Rc8 16. Rfd1 Qe7 17. Qb3 Rfd8 18. c5 Nd5 19. Bd6 Qb7 20. Qxb7 Bxb7 {½-½ Zia,T (2241)-Md,S (2109) BAN-chB 48th 2024 (3)}) 15. Rfd1 Rc8 $1 16. Rac1 cxd4 17. Nxd4 {[%emt 0:03:16] [#]} Nc5 (17... e5 $11 18. Nc6 Rxc6 19. Qxd7 (19. Bxc6 Nb8 $15) 19... Rxc4 (19... Qxd7 20. Rxd7 Rxc4 21. Bd5 $14) 20. Qxa7 exf4 21. Qxa6 Rxc1 22. Rxc1 g6) 18. Qe3 $16 {[%emt 0:01:58] White is more active.} Bxd4 (18... Qb6 $16) 19. Rxd4 $18 (19. Qxd4 Qxd4 20. Rxd4 Bb7 $16) 19... Qa5 20. Be5 (20. Bd6 $18) 20... f6 $16 21. Bd6 Rfe8 22. Rg4 Kf7 {[%emt 0:00:00] [#] Black cannot hold the game after this.} (22... h5 $14 23. Rd4 Bb7) 23. Rd1 $1 $40 {[%emt 0:04:53][%mdl 128] White attacks with force.} Red8 (23... Qb6 {might work better.} 24. Rgd4 Kg8) 24. Rgd4 Re8 25. Bf3 Bb7 26. Bh5+ {[%emt 0:01:11] A strong pair of Bishops.} Kg8 27. Bxe8 Rxe8 28. Bxc5 Qxc5 29. Rd8 Qc6 30. Rxe8+ (30. Qxa7 $2 Qh1#) 30... Qxe8 {[%emt 0:00:04][%mdl 4096] Endgame KQR-KQB} (30... Kf7 $142 31. Qxe6+ Qxe6 32. Rxe6 Kxe6) 31. Qc5 {[%emt 0:01:04][%cal Oc5c7] And now Qc7! would win.} Bf3 32. Rd3 Be4 33. Rd4 Qb8 34. Qd6 ({And not} 34. Rxe4 Qb1+ 35. Kg2 Qxe4+ 36. Kg1 Qb1+ 37. Kg2 Qb7+ 38. Kh3 h6 $11) 34... Qb1+ 35. Rd1 Qxa2 36. Qxe6+ {[%emt 0:00:06] Weighted Error Value: White=0.20 (precise) /Black=0.81  Mistake:       	White=1     	Black=5      Inaccurate:     	White=1     	Black=2      OK:         	White=9     	Black=3      Best:        	White=2     	Black=3      Strong:       	White=1     	Black=1} 1-0

[Event "4NCL Div 2 2024-25"]
[Site "England"]
[Date "2025.01.26"]
[Round "4.28"]
[White "Vaidyanathan, Adithya"]
[Black "Manmay Chopra"]
[Result "1/2-1/2"]
[Annotator "TA"]
[ECO "E90"]
[WhiteElo "1872"]
[BlackElo "2217"]
[PlyCount "127"]
[EventDate "2024.11.23"]
[EventType "team-tourn"]
[EventCountry "ENG"]
[SourceTitle "playchess.com"]
[Source "ChessBase"]
[SourceQuality "1"]
[TimeControl "40/6000+30:3000+30"]

1. d4 Nf6 2. Nf3 g6 3. c4 Bg7 4. Nc3 d6 5. e4 O-O 6. h3 e5 7. Be3 exd4 8. Nxd4 Nc6 {[%emt 0:00:06][%cal Of6e4] E90: King's Indian: Classical: Early deviations and 6 h3.} 9. Bd3 Re8 10. O-O Nd7 11. Bc2 $146 (11. Nde2 Nc5 12. Bc2 a5 13. Qd2 b6 14. Rad1 Be6 15. Nd5 Nb4 16. Bb1 Nxd5 17. exd5 {½-½ McCarthy,M-Sutton,A (2169) WLS/SRCCC/19/D2 2019 [3]}) 11... Nf8 {[%emt 0:12:49] [#]} (11... Nde5 $11) 12. c5 Nxd4 13. Bxd4 Bxd4 14. Qxd4 Ne6 15. Qc4 (15. Qe3 $11) 15... Nxc5 16. b4 {[%emt 0:00:55] White sacrificed a pawn} Be6 17. Qd4 Nd7 18. Ba4 Rf8 19. f4 Qf6 20. Qe3 Nb6 21. Bc2 Bc4 22. Rf2 Rfe8 23. Re1 Nd5 24. Nxd5 Bxd5 25. Qd2 Bc4 (25... Bxa2 $6 26. Ba4 Bc4 27. Bxe8 Rxe8 28. f5 $11) 26. f5 g5 (26... Bxa2 $2 {loses.} 27. fxg6 (27. Ba4 Bc4 $18) 27... Qxg6 28. e5 $18) (26... Qe5 {looks sharper.} 27. Rc1 c6 28. Qh6 Qg7) 27. a4 Kh8 28. Rf3 c6 (28... d5 $5) 29. Rg3 Rg8 30. Bd3 Qd4+ (30... Bxd3 $15 31. Rxd3 Rad8) 31. Qf2 $1 $11 Qxf2+ 32. Kxf2 Bb3 33. a5 f6 {[%emt 0:01:21] [#]} 34. Ba6 $1 bxa6 (34... Ba4 35. Bxb7) 35. Rxb3 $14 {[%emt 0:00:04][%mdl 4096] Endgame KRR-KRR. Black is a pawn up.} Rab8 36. Rd1 Rgd8 37. Rbd3 Rxb4 38. Rxd6 Rxd6 39. Rxd6 Rxe4 {[%emt 0:00:06] The position is equal.} 40. Rxc6 {[%emt 0:00:05] KR-KR. Black is a pawn up.} Rf4+ 41. Kg3 Rxf5 42. Rxa6 Kg7 43. Rxa7+ Kg6 44. Ra8 Rb5 45. a6 Ra5 46. a7 {[%emt 0:00:37] Rg8+ is the strong threat.} Kf5 47. Kf3 {[%emt 0:01:23] White wants to mate with g4+.} Ra3+ 48. Kf2 h5 49. g3 Ra2+ 50. Ke3 Ra6 51. Ke2 Re6+ 52. Kf2 Re7 ({But not} 52... Ra6 $2 53. Ke3 $18) 53. Kf1 Ke5 54. Kf2 Ke4 55. Rf8 Rxa7 {[%emt 0:00:05] White must now prevent ...Ra2+.} 56. Rxf6 Ra2+ 57. Kg1 Rb2 58. g4 h4 59. Rf5 Rd2 60. Rxg5 Kf4 61. Ra5 Rd1+ 62. Kf2 Rd2+ 63. Kg1 Rd1+ 64. Kf2 {[%emt 0:01:54] Weighted Error Value: White=0.09 (flawless) /Black=0.07 (flawless)   Mistake:       	White=2     	Black=2      Inaccurate:     	White=3     	Black=4      OK:         	White=23    	Black=28     Best:        	White=1     	Black=1      Strong:       	White=1     	---} 1/2-1/2

[Event "4NCL Div 2 2024-25"]
[Site "England"]
[Date "2025.01.26"]
[Round "4.29"]
[White "Sivanandan, Bodhana"]
[Black "Paterson, Andrew I"]
[Result "1/2-1/2"]
[Annotator "TA"]
[ECO "B11"]
[WhiteElo "2082"]
[BlackElo "1976"]
[PlyCount "97"]
[EventDate "2024.11.23"]
[EventType "team-tourn"]
[EventCountry "ENG"]
[SourceTitle "playchess.com"]
[Source "ChessBase"]
[SourceQuality "1"]
[TimeControl "40/6000+30:3000+30"]

1. e4 c6 2. Nc3 d5 3. Nf3 Bg4 4. h3 Bxf3 5. Qxf3 Nf6 6. Be2 e6 7. d3 Bb4 {[%emt 0:00:51] [#]} 8. O-O {[%emt 0:00:52] B11: Caro-Kann: Two Knights Variation.} Nbd7 9. a3 Bd6 $146 (9... Be7 10. d4 dxe4 11. Nxe4 Nxe4 12. Qxe4 Nf6 13. Qd3 O-O 14. Bf3 Qc7 15. Qe2 Rfd8 {1-0 Levin,N-Berezhnoy,V UKR-ch31 Kiev 1962 (10)}) 10. Bf4 {[%emt 0:04:14] White has an edge.} Bxf4 11. Qxf4 O-O 12. Rad1 (12. e5 $11 Ne8 13. d4) 12... d4 13. Nb1 c5 14. Qg3 e5 15. Nd2 Qe7 16. Rde1 Rfe8 17. f4 exf4 18. Qxf4 Ne5 19. a4 Rac8 20. b3 Rc6 21. Rf2 Nfd7 22. Nf1 Rf6 23. Qh4 Rxf2 24. Qxf2 Nc6 25. Ng3 g6 26. Qf4 Nde5 27. Rf1 Rd8 (27... Kg7 {looks sharper.} 28. Bd1 Nb4 29. Ne2 h5) 28. h4 h5 (28... Nb4 $17 29. Bd1 Rf8) 29. Bd1 (29. Bxh5 $1 $11 {keeps the balance.} gxh5 30. Nxh5) 29... Rd6 (29... Kg7 $17) 30. Ne2 $2 (30. Bxh5 $1 $14 {was forced to keep a grip.} gxh5 31. Nf5) 30... Kg7 ({Black should try} 30... Ng4 $17 {[%cal Od6f6] And now ...Rf6! would win.} 31. Qg3 Ne3) 31. Qg3 $15 Ng4 (31... Kf8 $15) 32. Nf4 $11 {[%emt 0:02:15] The position is equal.} Ne3 {[%emt 0:00:29] A dynamic duo of knights.} 33. Re1 (33. Nxh5+ Kh7 34. Nf4 Nxf1 35. Kxf1 Ne5) 33... Nxd1 34. Rxd1 Qe5 35. Rf1 {[%emt 0:01:04][%cal Of4h5] [#] Nxh5+! would now be deadly.} Rf6 36. Qf2 Kg8 37. g3 Qd6 38. Qe2 Ne5 39. Nd5 Rxf1+ 40. Kxf1 {[%emt 0:00:16][%mdl 4096] Endgame KQN-KQN} Kg7 41. Kg2 Qd7 42. Qf2 Ng4 {[%emt 0:02:56] Prevents Qf6+} 43. Qf4 Qd8 44. Qd2 b6 45. Qf4 Qd7 46. Qd2 Qd8 47. Qf4 Qd7 48. Qd2 Qd8 49. Qf4 {[%emt 0:00:00] Weighted Error Value: White=0.17 (very precise) /Black=0.13 (very precise)   Mistake:       	White=3     	Black=4      Inaccurate:     	White=1     	---        OK:         	White=8     	Black=13} 1/2-1/2

[Event "4NCL Div 2 2024-25"]
[Site "England"]
[Date "2025.01.26"]
[Round "4.30"]
[White "Patel, Keatan"]
[Black "Lee, Richard W Y"]
[Result "1-0"]
[Annotator "TA"]
[ECO "E09"]
[WhiteElo "1973"]
[BlackElo "2102"]
[PlyCount "99"]
[EventDate "2024.11.23"]
[EventType "team-tourn"]
[EventCountry "ENG"]
[SourceTitle "playchess.com"]
[Source "ChessBase"]
[SourceQuality "1"]
[TimeControl "40/6000+30:3000+30"]

1. c4 e6 2. Nf3 d5 3. d4 Nf6 4. g3 Be7 5. Bg2 O-O 6. O-O Nbd7 7. Qc2 c6 8. Nbd2 b6 9. e4 Bb7 10. e5 Ne8 11. cxd5 cxd5 12. Re1 Rc8 13. Qd1 {[%emt 0:00:31] E09: Closed Catalan: Main Line: 7 Qc2 c6 8 Nbd2.} Ba6 14. Bf1 Bxf1 15. Nxf1 {[%emt 0:02:28] White is slightly better.} Qc7 $146 (15... b5 16. h4 Nc7 17. Bg5 h6 18. Bxe7 Qxe7 19. Ne3 Rfd8 20. Qd3 a6 {1-0 Zemlyanskii,I (2237)-Martinez Alcantara,J (2597) Titled Tuesday intern op 06th Dec Early blitz 2022 (3)}) 16. h4 Qc2 17. Qxc2 Rxc2 18. Ne3 Rc8 19. Bd2 g6 20. Rac1 Ng7 21. Ng4 Nf5 22. Nh6+ Kg7 (22... Nxh6 {simplifies} 23. Bxh6 Rfe8 24. Kf1 b5) 23. Nxf5+ gxf5 24. Rxc8 Rxc8 25. Rc1 Rxc1+ 26. Bxc1 $11 {[%emt 0:00:09][%mdl 4096] Endgame KBN-KBN} b5 27. Kf1 Nb8 28. Ke2 Nc6 29. Bd2 Kg6 30. Kd3 Nb4+ 31. Bxb4 Bxb4 {[%emt 0:00:04] KB-KN} 32. a3 Be7 33. b4 Kh5 34. Ke2 (34. Ke3 $15) 34... Kg4 $19 35. Nh2+ Kh3 36. Nf1 {[%emt 0:00:05] [#]} f4 37. Kf3 $11 fxg3 38. fxg3 {[%emt 0:00:08] aiming for Ne3.} Bf8 (38... Bd8 $1 $11) 39. Nd2 (39. Ne3 $16) 39... h5 $2 {[%emt 0:01:50][%mdl 8192] [#]} (39... Bg7 $11) 40. Nb1 $1 $18 a6 41. Nc3 Be7 42. Ne2 f6 43. Nf4+ Kh2 44. Nxh5 fxe5 45. dxe5 a5 46. bxa5 {[%emt 0:00:00] White mates.} Bxa3 47. a6 Bc5 48. Nf4 b4 49. Nd3 (49. Nxe6 b3 50. Nxc5 b2 $11) 49... b3 50. h5 {[%emt 0:00:00] Weighted Error Value: White=0.10 (very precise) /Black=0.88  Loses game:     	---       	Black=1      Mistake:       	White=2     	Black=2      Inaccurate:     	White=1     	Black=2      OK:         	White=8     	Black=9      Best:        	White=2     	Black=2      Strong:       	White=1     	---} (50. Nxc5 b2 51. a7 (51. Nxe6 $2 {is the wrong capture.} b1=Q $19) 51... b1=Q $17) 1-0

[Event "4NCL Div 2 2024-25"]
[Site "England"]
[Date "2025.01.26"]
[Round "4.31"]
[White "Starley, Robert"]
[Black "Baer, Bruce L"]
[Result "1/2-1/2"]
[Annotator "TA"]
[ECO "B06"]
[WhiteElo "2036"]
[BlackElo "1962"]
[PlyCount "96"]
[EventDate "2024.11.23"]
[EventType "team-tourn"]
[EventCountry "ENG"]
[SourceTitle "playchess.com"]
[Source "ChessBase"]
[SourceQuality "1"]
[TimeControl "40/6000+30:3000+30"]

1. e4 g6 2. d4 Bg7 3. Nc3 a6 4. Be3 d6 5. h4 Nf6 6. h5 {[%emt 0:14:12] B06: Modern Defence.} Nxh5 7. Rxh5 gxh5 8. Qxh5 {[%emt 0:00:05] The position is equal.} b5 9. a3 (9. Nf3 $11) 9... Nd7 $15 10. e5 dxe5 $146 (10... Nf8 11. O-O-O d5 12. f4 c6 13. f5 Qa5 14. Na2 c5 15. dxc5 Bxe5 16. Nf3 Bf6 {1-0 Vijayakumar,R (2156)-Baer,B (1945) British Rapidplay 2024 (5)}) 11. O-O-O {[%emt 0:00:26] [#]} (11. Nf3 $11 exd4 12. Nxd4) 11... e4 $1 12. Nxe4 $11 {[%emt 0:02:21] Ng5 is the strong threat.} Nf6 13. Qg5 {[%emt 0:04:13] A sharp opening} Kf8 14. Nc5 Qd5 15. Qf4 Be6 (15... Qa2 $17 16. c3 (16. Qxc7 Bg4 $17) 16... a5) 16. Qxc7 Rc8 17. Qa5 Ng4 18. Qxa6 {[%emt 0:02:40] [#]} (18. Nf3 $11 {remains equal.}) 18... Rxc5 $1 19. dxc5 Bxb2+ $1 20. Kxb2 Qxd1 21. Be2 $1 {[%emt 0:04:21] The board is on fire.} Qd5 (21... Qxg1 $2 22. Bxg4 h6 (22... Bxg4 $2 23. Bh6+ Ke8 24. Qc6+ Kd8 25. Bf4 $18) 23. Bd4 (23. Bxe6 fxe6 24. Qa8+ Kg7 $18) 23... Qxg2 24. f3 $18 (24. Bxh8 Qxg4 25. Qa8+ Bc8 $14) (24. Bxe6 fxe6 25. Bxh8 e5 $18) (24. Qxb5 Qxg4 25. Qb8+ Bc8 $17)) 22. Bxg4 Bxg4 23. Qh6+ {[%emt 0:14:21] White is weak on the light squares} Kg8 $1 24. Qh4 h5 (24... Qxg2 $2 25. Qxe7 Qd5 (25... Qxg1 26. Bh6) 26. Ne2 $18) 25. Qxe7 Kh7 26. Qf6 Qe6 27. Qg5 Rg8 (27... Ra8 28. Bd4 Rg8 29. Nh3 Qf5) 28. Qf4 (28. Nh3 {is more complex.} Rg6 29. f3 Bxf3 30. Bd4) 28... Rg6 29. f3 Rf6 30. Qd4 Bf5 31. Ne2 Bg6 {[%emt 0:00:49] [#]} (31... Qc4 $1 $14 32. Qxc4 (32. Qxf6 $2 Qxc2+ 33. Ka1 Qb1#) 32... bxc4) 32. Ng3 ({White should play} 32. Qc3 $1 $16) 32... Qc4 $14 33. Qd2 {[%emt 0:01:37] [#]} (33. Qxf6 $2 Qxc2+ 34. Ka1 Qb1#) (33. Qxc4 $14 {stays ahead.} bxc4 34. Nf1) 33... Ra6 (33... b4 $1 34. axb4 (34. Qxb4 $2 Qxc2+ 35. Ka1 Re6 $19) 34... Ra6) 34. Ne4 $17 Bxe4 35. fxe4 Qxe4 {[%emt 0:00:20][%mdl 4096] Endgame KQR-KQB} (35... Qa4 $17 36. Qd3 b4) 36. Qf2 $15 Qg6 (36... Kg6 $17 37. Bd4 h4) 37. Bd4 $11 Re6 38. Bc3 Re4 39. c6 Rc4 (39... Qxc6 40. Qxf7+ Kh6 41. Qg7#) 40. c7 Rxc7 $17 41. Qd4 f6 (41... Qxg2 $2 42. Qh8+ Kg6 43. Qg8+ Kf5 44. Qxg2 $18) (41... Rxc3 $19 42. Qxc3 Qxg2 43. Qd3+ Qg6 44. Qxb5 h4) 42. Qb6 Rf7 ({Black should try} 42... Re7 $17 {...Re2 is the strong threat.} 43. Qxb5 Qxg2 44. Qxh5+ Kg7) 43. Qxb5 $15 Qg5 44. Qc6 Rg7 45. Qf3 Qb5+ (45... Qxg2 46. Qxh5+ Kg8 47. Qe8+ Kh7 48. Qh5+ (48. Bxf6 $2 {loses.} Rb7+ 49. Kc1 Qf1+ 50. Kd2 Qf2+ 51. Kd3 Qxf6 $19) 48... Kg8 49. Qe8+ Kh7 50. Qh5+ $11) 46. Kc1 Qg5+ (46... Rf7 $5) 47. Kb2 $1 Qb5+ ({But not} 47... Qxg2 48. Qxh5+ Kg8 49. Qe8+ Kh7 50. Qh5+ (50. Bxf6 Rb7+ 51. Kc1 Qf1+ 52. Kd2 Qf2+ 53. Kd3 Qxf6 $19) 50... Kg8 51. Qe8+ Kh7 52. Qh5+ $11) 48. Kc1 Qg5+ {[%emt 0:00:00] Weighted Error Value: White=0.25 (precise) /Black=0.29 (precise)   Mistake:       	White=6     	Black=10     Inaccurate:     	White=3     	Black=5      OK:         	White=10    	Black=14     Best:        	White=6     	Black=2      Strong:       	White=2     	Black=2} (48... Rf7 $15) 1/2-1/2